[Event "Titled Tuesday Blitz November 14 Late 2023"]
[White "rikchessmx"]
[Black "Feliz Dotel, Dewar Bienvenido"]
[BlackFideId "6402801"]
[WhiteElo "2319"]
[BlackElo "2119"]
[Result "1-0"]
[Round "7"]
[TimeControl "180+1"]
[Date "2023.11.14"]
[WhiteClock "0:00:33"]
[BlackClock "0:00:00"]
[Board "119"]

1. e4 e5 2. Nf3 Nc6 3. Bb5 Nf6 4. O-O Nxe4 5. d4 Nd6 6. dxe5 Nxb5 7. a4 Nbd4 8. Nxd4 Nxd4 9. Qxd4 d5 10. exd6 Qxd6 11. Re1+ Be6 12. Qc4 Be7 13. Qb5+ c6 14. Qxb7 O-O 15. Nc3 Rfb8 16. Qa6 Rb6 17. Qa5 Qb4 18. Qxb4 Bxb4 19. Be3 Bxc3 20. bxc3 Rb2 21. Rec1 Bf5 22. Kf1 Bxc2 23. a5 a6 24. g3 f6 25. Bd4 Rc8 26. c4 Bd3+ 27. Kg2 Rb4 28. Rc3 Bxc4 29. Bc5 Re8 30. Bxb4 Bd5+ 31. Kg1 Re4 32. Bc5 h5 33. Bb6 h4 34. Rac1 h3 35. f3 Re2 36. R1c2 Re1+ 37. Kf2 Rh1 38. Ke3 g5 39. Kd4 Kf7 40. Kc5 Ke6 41. Re2+ Kf5 42. g4+ Kg6 43. Kd6 Rf1 44. Ree3 Rd1 45. Ke7 Rd2 46. Bc7 Ra2 47. Ra3 1-0


[Site "https://www.chess.com"]

[Event "Titled Tuesday Blitz November 14 Late 2023"]
[White "katharinareinecke"]
[Black "Minina, Veronika"]
[BlackFideId "4174780"]
[WhiteElo "1972"]
[BlackElo "2276"]
[Result "0-1"]
[Round "7"]
[TimeControl "180+1"]
[Date "2023.11.14"]
[WhiteClock "0:00:00"]
[BlackClock "0:00:11"]
[Board "120"]

1. d4 Nf6 2. c4 g6 3. Nf3 Bg7 4. g3 d6 5. Bg2 O-O 6. O-O c6 7. Nc3 Qa5 8. Qc2 Qh5 9. h4 e5 10. dxe5 dxe5 11. Ne4 Nxe4 12. Qxe4 Bf5 13. Qe3 Nd7 14. Qb3 Nc5 15. Qb4 Ne6 16. Qxb7 e4 17. Ng5 Qxe2 18. Qxc6 Nd4 19. Qd5 Rad8 20. Qb7 Rd7 21. Qa6 h6 22. Nh3 Nc2 23. Nf4 Qg4 24. Bh3 Qf3 25. Bg2 Nb4 26. Bxf3 Nxa6 27. Bg2 g5 28. hxg5 hxg5 29. Nh5 f6 30. Nxg7 Kxg7 31. Be3 Nb4 32. Rfd1 Nd3 33. Bf1 Rb8 34. b3 Rbd8 35. Bxd3 exd3 36. Rd2 Be4 37. Rad1 f5 38. g4 f4 39. Bc5 Bf3 40. Re1 Bxg4 41. Re7+ Rxe7 42. Bxe7 Rd7 43. Bxg5 Rd4 44. Be7 Kg6 45. Bc5 Rd7 46. Kg2 Kf5 47. a3 Ke4 48. b4 Bf3+ 49. Kf1 Be2+ 50. Kg2 Rg7+ 51. Kh3 Kf3 52. Kh4 Rg1 53. Kh5 Ke4+ 54. Kh6 f3 55. Bxa7 Kf5 56. b5 Rb1 57. a4 Rc1 58. b6 Rb1 59. b7 Rxb7 60. Be3 Ke4 61. c5 Kd5 62. a5 Ra7 63. Ra2 Ra6+ 64. Kg5 Kc4 65. Kf4 Kb3 66. Ra1 Kb2 67. Ra4 Kc2 68. Ra2+ Kc3 69. Ra3+ Kc4 70. Ra4+ Kb5 71. Ra2 Kc6 72. Ra4 Kd5 0-1


[Site "https://www.chess.com"]

[Event "Titled Tuesday Blitz November 14 Late 2023"]
[White "Bazzano, Sebastian"]
[Black "Travadon, Loic"]
[WhiteFideId "104566"]
[BlackFideId "26092131"]
[WhiteElo "2298"]
[BlackElo "2181"]
[Result "1-0"]
[Round "7"]
[TimeControl "180+1"]
[Date "2023.11.14"]
[WhiteClock "0:01:00"]
[BlackClock "0:01:49"]
[Board "121"]

1. d4 e6 2. Bf4 Nf6 3. e3 d5 4. Nd2 c5 5. c3 Nc6 6. Ngf3 Be7 7. Ne5 Nd7 8. Qg4 Ndxe5 9. dxe5 g6 10. h4 h5 11. Qg3 d4 12. exd4 cxd4 13. Bb5 Bd7 14. Ne4 Qb6 15. Bxc6 Bxc6 16. Nd6+ Bxd6 17. exd6 Bb5 18. Qg5 dxc3 19. Qe7# 1-0


[Site "https://www.chess.com"]

[Event "Titled Tuesday Blitz November 14 Late 2023"]
[White "Clawitter, Craig"]
[Black "Ghosh, Chanchal Kumer"]
[WhiteFideId "2023105"]
[BlackFideId "10201858"]
[WhiteElo "2263"]
[BlackElo "2162"]
[Result "0-1"]
[Round "7"]
[TimeControl "180+1"]
[Date "2023.11.14"]
[WhiteClock "0:00:00"]
[BlackClock "0:00:03"]
[Board "122"]

1. e4 c5 2. Nf3 d6 3. d4 cxd4 4. Nxd4 Nf6 5. Nc3 a6 6. Be3 e5 7. Nb3 Be6 8. f3 Be7 9. Qd2 O-O 10. O-O-O b5 11. g4 Qc7 12. Rg1 Nbd7 13. g5 Nh5 14. Nd5 Bxd5 15. exd5 Nb6 16. Na5 Nxd5 17. Qxd5 Qxa5 18. Bd3 Rac8 19. Kb1 Qa4 20. Rg4 Nf4 21. Bxf4 exf4 22. g6 hxg6 23. Rxg6 Rfe8 24. Rdg1 Bf8 25. Rxg7+ Bxg7 26. Qf5 Qd4 27. Qh7+ Kf8 0-1


[Site "https://www.chess.com"]

[Event "Titled Tuesday Blitz November 14 Late 2023"]
[White "ThePeasant98"]
[Black "Vila Dupla, Aurelio"]
[BlackFideId "2203383"]
[WhiteElo "2159"]
[BlackElo "2201"]
[Result "1/2-1/2"]
[Round "7"]
[TimeControl "180+1"]
[Date "2023.11.14"]
[WhiteClock "0:00:06"]
[BlackClock "0:00:04"]
[Board "124"]

1. d4 Nf6 2. c4 g6 3. Nc3 d5 4. Nf3 Bg7 5. h4 h5 6. Bg5 dxc4 7. e4 b5 8. e5 Nd5 9. Nxb5 c6 10. Nc3 Be6 11. Qa4 Nb6 12. Qc2 O-O 13. Be2 N8d7 14. Rd1 Rb8 15. O-O Re8 16. Rfe1 Qc7 17. Ne4 Bf5 18. Nfd2 c5 19. Bxc4 Nxc4 20. Qxc4 Rxb2 21. Nxc5 Nxc5 22. dxc5 Bxe5 23. Nf3 Bg7 24. Bc1 Rc2 25. Qb3 Rxc5 26. Ng5 e6 27. Ba3 Rc3 28. Qa4 Rd8 29. Rxd8+ Qxd8 30. Bb2 Rc7 31. Bxg7 Kxg7 32. Rd1 Qe7 33. Qd4+ Qf6 34. Qxf6+ Kxf6 35. Rd4 e5 36. Ra4 Kg7 37. Ra6 f6 38. Nf3 Kf7 39. Kf1 Rd7 40. Ke1 Ke7 41. Ke2 Kf7 42. Ke3 Ke7 43. Ne1 Kf7 44. Nf3 Rd3+ 45. Ke2 Rd7 46. Ke3 1/2-1/2


[Site "https://www.chess.com"]

[Event "Titled Tuesday Blitz November 14 Late 2023"]
[White "Broca Jimenez, Fernando"]
[Black "Tsukerman, Julia"]
[WhiteFideId "5104742"]
[BlackFideId "2621649"]
[WhiteElo "2199"]
[BlackElo "2151"]
[Result "1-0"]
[Round "7"]
[TimeControl "180+1"]
[Date "2023.11.14"]
[WhiteClock "0:00:25"]
[BlackClock "0:00:00"]
[Board "125"]

1. e4 c5 2. c3 d5 3. exd5 Qxd5 4. d4 Nf6 5. Nf3 Bg4 6. Be2 e6 7. O-O Be7 8. c4 Qd8 9. Nc3 cxd4 10. Qxd4 Nc6 11. Qxd8+ Rxd8 12. Be3 O-O 13. Rfd1 Rxd1+ 14. Rxd1 Rd8 15. Rxd8+ Bxd8 16. h3 Bf5 17. Nd4 Nxd4 18. Bxd4 a6 19. Bf3 b6 20. Kf1 Nd7 21. Na4 e5 22. Be3 Bd3+ 23. Be2 Bc2 24. Nc3 Nc5 25. Ke1 Bd3 26. Bxc5 Bxe2 27. Bxb6 Bxb6 28. Kxe2 Bd4 29. Kd3 Kf8 30. b4 Bxf2 31. Nd5 Be1 32. a3 Ke8 33. Nc7+ Kd7 34. Nxa6 f5 35. Nc5+ Kd6 36. Ke2 Bc3 37. Na4 Bd4 38. c5+ Kc6 39. Kd3 Kb5 40. Nb6 Bb2 41. Nc4 e4+ 42. Kc2 1-0


[Site "https://www.chess.com"]

[Event "Titled Tuesday Blitz November 14 Late 2023"]
[White "Desideri, Ricardo Maruchi"]
[Black "Darko-Dimitrijevic"]
[WhiteFideId "2110440"]
[WhiteElo "1986"]
[BlackElo "2185"]
[Result "0-1"]
[Round "7"]
[TimeControl "180+1"]
[Date "2023.11.14"]
[WhiteClock "0:00:00"]
[BlackClock "0:01:13"]
[Board "126"]

1. e4 d6 2. d4 c6 3. Nc3 Nf6 4. Be2 Qa5 5. f3 e5 6. dxe5 dxe5 7. Be3 Bb4 8. Qd2 Be6 9. g4 O-O 10. g5 Nh5 11. Bd3 Na6 12. Nge2 Nc5 13. Bxc5 Qxc5 14. O-O-O Rfd8 15. Kb1 a5 16. Qc1 Nf4 17. Nxf4 exf4 18. Na4 Qxg5 19. Rhg1 Qe5 20. h4 Be7 21. Nb6 Rab8 22. h5 h6 23. Rg2 Bf6 24. Rdg1 Kh8 25. Nc4 Qc5 26. e5 Bg5 27. Rxg5 hxg5 28. Rxg5 Bxc4 29. h6 Bxd3 30. hxg7+ Kg8 31. Qxf4 Qxc2+ 0-1


[Site "https://www.chess.com"]

[Event "Titled Tuesday Blitz November 14 Late 2023"]
[White "campochess"]
[Black "Vargas, Mauricio"]
[BlackFideId "4404572"]
[WhiteElo "2183"]
[BlackElo "1846"]
[Result "1-0"]
[Round "7"]
[TimeControl "180+1"]
[Date "2023.11.14"]
[WhiteClock "0:01:51"]
[BlackClock "0:00:30"]
[Board "127"]

1. Nf3 d5 2. b3 c5 3. Bb2 Nc6 4. e3 Nf6 5. Bb5 Bd7 6. O-O a6 7. Be2 e6 8. d3 Bd6 9. c4 Rc8 10. Nbd2 Bb8 11. Rc1 O-O 12. Re1 Qe7 13. Nf1 Rfe8 14. d4 b6 15. Ne5 Ne4 16. cxd5 exd5 17. Nxd7 Qxd7 18. dxc5 bxc5 19. Bxa6 Qf5 20. Qf3 Qg6 21. Bxc8 Rxc8 22. Ng3 Rd8 23. Qf5 Qh6 24. Qh3 Qf6 25. Bxf6 1-0


[Site "https://www.chess.com"]

[Event "Titled Tuesday Blitz November 14 Late 2023"]
[White "Quirke, Jeffrey"]
[Black "DAVIDHDZSTS"]
[WhiteFideId "2013029"]
[WhiteElo "2260"]
[BlackElo "1860"]
[Result "0-1"]
[Round "7"]
[TimeControl "180+1"]
[Date "2023.11.14"]
[WhiteClock "0:00:00"]
[BlackClock "0:00:16"]
[Board "128"]

1. e4 c5 2. c3 e6 3. d4 cxd4 4. cxd4 d5 5. e5 Nc6 6. Nc3 a6 7. Nf3 Qb6 8. Be2 Bd7 9. O-O Nge7 10. a3 Nf5 11. Na4 Qa7 12. Be3 b5 13. Nc3 Be7 14. b4 O-O 15. Qd2 Qb6 16. Rfc1 a5 17. Bxb5 axb4 18. axb4 Bxb4 19. Rxa8 Rxa8 20. Rb1 Qa5 21. Bxc6 Bxc6 22. Rc1 Bb5 23. Qe1 Bc4 24. Bd2 Qa7 25. Ne2 Bxd2 26. Qxd2 Bxe2 27. Qxe2 Nxd4 28. Nxd4 Qxd4 29. Qa6 Rd8 30. g3 h6 31. Rc8 Qd1+ 32. Kg2 Rxc8 33. Qxc8+ Kh7 34. Qe8 Kg6 35. h4 d4 0-1


[Site "https://www.chess.com"]

[Event "Titled Tuesday Blitz November 14 Late 2023"]
[White "Smirnov, Timofey"]
[Black "Dahlgren, James Allen"]
[WhiteFideId "24176427"]
[BlackFideId "22256873"]
[WhiteElo "2092"]
[BlackElo "2133"]
[Result "0-1"]
[Round "7"]
[TimeControl "180+1"]
[Date "2023.11.14"]
[WhiteClock "0:00:00"]
[BlackClock "0:00:38"]
[Board "129"]

1. d4 e6 2. Bf4 c5 3. c3 Nf6 4. e3 b6 5. Nf3 Bb7 6. Be2 Ne4 7. O-O d6 8. Nbd2 f5 9. h3 Nd7 10. Bb5 Be7 11. Nc4 O-O 12. Bxd7 Qxd7 13. Nfd2 Nxd2 14. Nxd2 g5 15. Bh2 Qc6 16. Qf3 Qxf3 17. Nxf3 Bxf3 18. gxf3 f4 19. Kg2 e5 20. dxe5 dxe5 21. Rfd1 Rad8 22. e4 Kf7 23. c4 Rd4 24. Rxd4 exd4 25. h4 h6 26. Kf1 Ke6 27. hxg5 hxg5 28. Ke2 Rh8 29. Rh1 Bf6 30. Kd3 Be5 31. Ke2 Rh3 32. b3 g4 33. fxg4 f3+ 34. Kd3 Rxh2 35. Rf1 a5 36. a4 Kf6 37. Kd2 Kg5 38. Kd3 Kxg4 39. Kd2 Bf4+ 40. Kd3 Rg2 41. Kc2 Bh2 42. Re1 Rxf2+ 0-1


[Site "https://www.chess.com"]

[Event "Titled Tuesday Blitz November 14 Late 2023"]
[White "Mariia89"]
[Black "Oliveira, Tiago Batista"]
[BlackFideId "2108291"]
[WhiteElo "2143"]
[BlackElo "2058"]
[Result "1-0"]
[Round "7"]
[TimeControl "180+1"]
[Date "2023.11.14"]
[WhiteClock "0:00:12"]
[BlackClock "0:00:00"]
[Board "130"]

1. d4 Nf6 2. Nf3 g6 3. c4 Bg7 4. Nc3 d5 5. Bg5 Ne4 6. cxd5 Nxg5 7. Nxg5 e6 8. Nf3 exd5 9. e3 O-O 10. Be2 b6 11. Kf1 Ba6 12. h4 Bxe2+ 13. Qxe2 c5 14. Rd1 c4 15. h5 Nc6 16. hxg6 fxg6 17. e4 Rxf3 18. Qxf3 Nxd4 19. Qh3 h6 20. Nxd5 Qf8 21. Qg3 Qf7 22. Qe3 Ne6 23. Qd2 Rf8 24. Rh3 Nc5 25. Qe2 Re8 26. Rf3 Qe6 27. Qxc4 Nxe4 28. Ne3 Qxc4+ 29. Nxc4 Nc5 30. b3 g5 31. Re1 b5 32. Rxe8+ Kh7 33. Re7 bxc4 34. Rff7 1-0


[Site "https://www.chess.com"]

[Event "Titled Tuesday Blitz November 14 Late 2023"]
[White "Erigaisi Arjun"]
[Black "Khismatullin, Denis"]
[WhiteFideId "35009192"]
[BlackFideId "4142578"]
[WhiteElo "3061"]
[BlackElo "2982"]
[Result "1/2-1/2"]
[Round "8"]
[TimeControl "180+1"]
[Date "2023.11.14"]
[WhiteClock "0:00:31"]
[BlackClock "0:00:06"]
[Board "1"]

1. c4 e6 2. Nf3 Nf6 3. Nc3 d5 4. e3 Be7 5. b3 O-O 6. Bb2 b6 7. cxd5 Nxd5 8. a3 c5 9. Qc2 Ba6 10. Bxa6 Nxa6 11. h4 Qd7 12. h5 h6 13. Ne5 Qb7 14. O-O-O Rac8 15. Qe4 b5 16. Nxd5 exd5 17. Qg4 d4 18. Rh3 Qd5 19. f4 Rfd8 20. exd4 cxd4+ 21. Kb1 Nc5 22. Qf3 Qe6 23. Re1 Qf5+ 24. Ka2 Qc2 25. Nc6 Rxc6 26. Qxc6 d3 27. Rxe7 Qxb3+ 28. Ka1 Qd1+ 29. Ka2 Qb3+ 30. Ka1 Qd1+ 31. Ka2 Qb3+ 1/2-1/2


[Site "https://www.chess.com"]

[Event "Titled Tuesday Blitz November 14 Late 2023"]
[White "Nakamura, Hikaru"]
[Black "Szpar, Milosz"]
[WhiteFideId "2016192"]
[BlackFideId "1184989"]
[WhiteElo "3287"]
[BlackElo "2870"]
[Result "1-0"]
[Round "8"]
[TimeControl "180+1"]
[Date "2023.11.14"]
[WhiteClock "0:02:07"]
[BlackClock "0:00:05"]
[Board "2"]

1. Nf3 d5 2. e3 c5 3. b3 Nf6 4. Bb2 g6 5. Bxf6 exf6 6. c3 Nc6 7. d4 Be6 8. g3 Be7 9. Bg2 O-O 10. O-O Qd7 11. dxc5 Bxc5 12. Nbd2 a6 13. Ne1 Ba7 14. Nd3 Rad8 15. Nf3 Qd6 16. Qe2 Rfe8 17. Rfd1 Kg7 18. Rac1 Qb8 19. Nf4 Re7 20. Nd4 Nxd4 21. cxd4 Rc7 22. Rxc7 Qxc7 23. Qd2 Bb8 24. Rc1 Qb6 25. Nd3 Bd6 26. Nc5 a5 27. Rc3 Qb4 28. Qc1 b6 29. a3 bxc5 30. axb4 cxb4 31. Rc6 1-0


[Site "https://www.chess.com"]

[Event "Titled Tuesday Blitz November 14 Late 2023"]
[White "Zakhartsov, Vladimir"]
[Black "Tabatabaei, M. Amin"]
[WhiteFideId "4145097"]
[BlackFideId "12521213"]
[WhiteElo "2859"]
[BlackElo "3088"]
[Result "0-1"]
[Round "8"]
[TimeControl "180+1"]
[Date "2023.11.14"]
[WhiteClock "0:00:00"]
[BlackClock "0:00:08"]
[Board "3"]

1. d4 Nf6 2. c4 e6 3. Nf3 d5 4. Nc3 Nbd7 5. cxd5 exd5 6. Bg5 h6 7. Bh4 Bb4 8. Rc1 g5 9. Bg3 Ne4 10. Nd2 Nxg3 11. hxg3 c6 12. e3 Nf6 13. Bd3 Qe7 14. Qc2 Be6 15. a3 Bd6 16. Bf5 Kf8 17. Qd3 Kg7 18. Nf3 Rae8 19. Rc2 Qd7 20. Bxe6 Rxe6 21. Re2 Ne4 22. Nd2 f5 23. Ndxe4 fxe4 24. Qd1 Rf6 25. Kd2 Rhf8 26. Qe1 b5 27. Kc2 a5 28. Nd1 b4 29. a4 c5 30. dxc5 Qxa4+ 31. Kb1 Bxc5 32. Rc2 Bd6 33. Rd2 Be5 34. Rxd5 Rc6 35. Rxe5 Qc2+ 36. Ka2 Rfc8 37. Rxa5 Rc4 38. f3 Rd8 39. Ra7+ Kg8 40. Qf2 Rd2 41. Qf1 Qc1 42. Ra8+ Kg7 43. Ra7+ Kg8 44. Kb3 Rcc2 45. Qb5 Rxb2+ 46. Nxb2 Rxb2+ 47. Ka4 Ra2+ 48. Kxb4 Rb2+ 49. Ka4 Qc2+ 50. Ka5 Qc3+ 51. Ka6 Qa3+ 52. Kb6 Rxb5+ 53. Kxb5 Qxa7 54. Re1 exf3 55. gxf3 Qb7+ 56. Kc4 Qxf3 57. e4 Qxg3 58. Re2 Qf3 59. Re1 Kf7 60. e5 Ke6 61. Kd4 Qf4+ 62. Re4 Qxe4+ 63. Kxe4 h5 0-1


[Site "https://www.chess.com"]

[Event "Titled Tuesday Blitz November 14 Late 2023"]
[White "Holt, Conrad"]
[Black "Martinez Alcantara, Jose Eduardo"]
[WhiteFideId "2034387"]
[BlackFideId "3805662"]
[WhiteElo "2805"]
[BlackElo "3027"]
[Result "1/2-1/2"]
[Round "8"]
[TimeControl "180+1"]
[Date "2023.11.14"]
[WhiteClock "0:00:12"]
[BlackClock "0:00:07"]
[Board "4"]

1. d4 Nf6 2. c4 e6 3. Nc3 Bb4 4. Qc2 d6 5. Nf3 Nbd7 6. g3 b6 7. Bg2 Bb7 8. O-O Bxc3 9. Qxc3 O-O 10. b3 h6 11. Bb2 a6 12. Rfe1 b5 13. Rac1 Qb8 14. d5 e5 15. Nh4 g6 16. Qd2 Kg7 17. h3 bxc4 18. bxc4 Qd8 19. c5 Bc8 20. c6 Nb6 21. f4 Qe7 22. e4 Ng8 23. fxe5 dxe5 24. Qc3 Re8 25. Ba3 Qg5 26. Rf1 Nf6 27. Rce1 Nh5 28. Kh2 Rb8 29. Qf3 Qf6 30. Qd3 Qg5 31. Re2 a5 32. Ref2 f6 33. Bc1 Ba6 34. Qf3 Nf4 35. Rd1 Rf8 36. gxf4 Qxh4 37. f5 Nc4 38. Rg1 g5 39. Bf1 Nd6 40. Bxa6 Qxe4 41. Qxe4 Nxe4 42. Rc2 Rfd8 43. Rd1 Nd6 44. Ba3 Nxf5 45. Re2 Rb6 46. Bc4 Nd6 47. Bxd6 Rxd6 48. Red2 f5 49. Bf1 e4 50. Bg2 Kf6 51. Rf1 Ke5 52. Rdf2 Rf6 53. Re1 Rb4 54. Rd2 Rd6 55. Red1 h5 56. Kg3 h4+ 57. Kf2 Rc4 58. Ke1 Rc3 59. Bf1 Re3+ 60. Kf2 Rc3 61. Kg1 f4 62. Rg2 Rg3 63. Kh2 Rxd5 64. Re1 Rc5 65. Rge2 e3 66. Bg2 Rc3 67. Rf1 Kd4 68. Rb2 Kc5 69. a4 Kd4 70. Rd1+ Rd3 71. Rxd3+ Kxd3 72. Bf1+ Kc3 73. Rb7 f3 74. Rxc7 e2 75. Bxe2 fxe2 76. Re7 Kd2 77. c7 Rc3 78. Rd7+ Ke1 79. Kg2 Rg3+ 80. Kh1 Rc3 81. Kg2 Rc4 82. Re7 g4 83. hxg4 Rxg4+ 84. Kh2 Rc4 85. Kh3 Kf2 86. Rf7+ Ke3 87. Re7+ Kd2 88. Rd7+ Kc1 89. Re7 Kd1 90. Rd7+ Ke1 91. Re7 Kf1 92. Rf7+ Kg1 93. Rg7+ Kh1 94. Re7 Rxc7 95. Rxe2 Rc3+ 96. Kxh4 Rc4+ 97. Kg3 Rxa4 98. Re5 Ra3+ 99. Kf2 Ra2+ 100. Kf1 Kh2 101. Ke1 Kg3 102. Kd1 Kf4 103. Re8 Rb2 104. Kc1 Rb5 105. Kc2 Re5 106. Rxe5 Kxe5 107. Kb3 Kd6 108. Ka4 Kc6 109. Kxa5 1/2-1/2


[Site "https://www.chess.com"]

[Event "Titled Tuesday Blitz November 14 Late 2023"]
[White "Zhigalko, Sergei"]
[Black "Troff, Kayden"]
[WhiteFideId "13502956"]
[BlackFideId "2047896"]
[WhiteElo "2905"]
[BlackElo "2828"]
[Result "1-0"]
[Round "8"]
[TimeControl "180+1"]
[Date "2023.11.14"]
[WhiteClock "0:00:07"]
[BlackClock "0:00:09"]
[Board "5"]

1. e4 c5 2. Nf3 g6 3. c3 Nf6 4. e5 Nd5 5. Qb3 Nc7 6. Bc4 Ne6 7. d4 cxd4 8. cxd4 Bg7 9. Be3 O-O 10. d5 Nc7 11. Nc3 d6 12. Bf4 dxe5 13. Nxe5 Nd7 14. Nxd7 Qxd7 15. O-O Na6 16. Rfe1 Nc5 17. Qa3 b6 18. Bb5 Qf5 19. Bg3 Bb7 20. Rad1 Bxc3 21. Qxc3 Ne4 22. Qc7 Nxg3 23. hxg3 Rab8 24. Qxe7 Rfd8 25. Bc6 Ba6 26. Qxa7 Bc4 27. b3 Bd3 28. Qc7 Bc2 29. Rd2 Rbc8 30. Qxb6 Be4 31. Qd4 Rxc6 32. Qxe4 Qxe4 33. Rxe4 Rc1+ 34. Kh2 Ra8 35. d6 Rd8 36. d7 Kf8 37. g4 Rc7 38. Red4 Ke7 39. Kg3 Ra7 40. f3 f5 41. gxf5 gxf5 42. Kf4 Ra5 43. Rd5 Ra7 44. Kxf5 Rf8+ 45. Kg4 Rg8+ 46. Kh3 Rd8 47. Re5+ Kf7 48. Red5 Ke7 49. Kh2 Ra6 50. b4 Rh6+ 51. Kg1 Ra6 52. b5 Ra4 53. Kh2 Rh4+ 54. Kg3 Rb4 55. Kf2 Ra4 56. Re2+ Kf7 57. b6 Rb4 58. Rd6 Rb5 59. Red2 Rb4 60. a3 Rb3 61. a4 Ra3 62. R2d4 Ra2+ 63. Kg3 Rg8+ 64. Kf4 Rd8 65. b7 Rb2 66. R6d5 Rxb7 67. a5 Ra7 68. g4 Ra6 69. Kg3 Ke7 70. Re5+ Kf7 71. Rf5+ Ke7 72. Rh5 h6 73. Re5+ Kf7 74. Rf4+ Kg7 75. Re7+ Kg6 76. Rf5 Rd6 77. Rb5 R8xd7 78. Rxd7 Rxd7 79. a6 Rd1 80. Ra5 Rd8 81. a7 Ra8 82. Ra6+ Kf7 83. Rxh6 Kg7 84. Ra6 Kf7 85. f4 Ke7 86. g5 Kd7 87. Kg4 Kc7 88. Ra2 Kb7 89. g6 Kc7 90. Kg5 Kb7 91. f5 Kc7 92. f6 Kb7 93. g7 Rc8 94. a8=Q+ Rxa8 95. Rxa8 1-0


[Site "https://www.chess.com"]

[Event "Titled Tuesday Blitz November 14 Late 2023"]
[White "Nazari, Arad"]
[Black "Eljanov, Pavel"]
[WhiteFideId "12577324"]
[BlackFideId "14102951"]
[WhiteElo "2790"]
[BlackElo "2888"]
[Result "1-0"]
[Round "8"]
[TimeControl "180+1"]
[Date "2023.11.14"]
[WhiteClock "0:00:20"]
[BlackClock "0:00:00"]
[Board "6"]

1. e4 c6 2. Nf3 d5 3. Nc3 dxe4 4. Nxe4 Nf6 5. Qe2 Na6 6. a3 Bg4 7. h3 Bf5 8. Nxf6+ gxf6 9. d3 Nc7 10. Bd2 h5 11. O-O-O Qd7 12. Nh4 Be6 13. f4 O-O-O 14. f5 Bxf5 15. Qf2 Be6 16. Qxa7 Bh6 17. Be2 Qd4 18. Qxd4 Rxd4 19. Nf3 Rdd8 20. Nh4 Nd5 21. Bxh6 Rxh6 22. Kd2 Rg8 23. Rdf1 Rg5 24. Rf2 Rh8 25. Nf3 Rg3 26. Nh4 Bd7 27. c4 Nc7 28. Rf3 Rg5 29. Rf2 Ne6 30. Kc3 Nc7 31. b4 f5 32. Rhf1 e6 33. a4 b6 34. b5 Ne8 35. Nf3 Rg7 36. Nd4 Kc7 37. Bf3 c5 38. Nb3 Kd6 39. a5 bxa5 40. Nxa5 Kc7 41. Nb7 Kb6 42. Ra1 Nc7 43. Rfa2 Rb8 44. Nd6 f6 45. Bxh5 Rg3 46. Bf3 Rg7 47. h4 e5 48. h5 Rg3 49. h6 Rh8 50. Ra7 Rb8 51. h7 1-0


[Site "https://www.chess.com"]

[Event "Titled Tuesday Blitz November 14 Late 2023"]
[White "Henriquez Villagra, Cristobal"]
[Black "Andreikin, Dmitry"]
[WhiteFideId "3409350"]
[BlackFideId "4158814"]
[WhiteElo "2864"]
[BlackElo "3119"]
[Result "0-1"]
[Round "8"]
[TimeControl "180+1"]
[Date "2023.11.14"]
[WhiteClock "0:00:02"]
[BlackClock "0:00:20"]
[Board "7"]

1. e4 e5 2. Nf3 Nc6 3. g3 Nf6 4. d3 Bc5 5. Bg2 O-O 6. O-O d6 7. h3 Ne7 8. Nc3 c6 9. Bg5 Ng6 10. Nh4 h6 11. Nxg6 fxg6 12. Bd2 g5 13. Na4 g4 14. Nxc5 gxh3 15. Nxb7 Qc7 16. Bf3 Qxb7 17. b3 Qf7 18. Kh2 Qg6 19. Be2 Ng4+ 20. Bxg4 Bxg4 21. f3 Be6 22. Qe2 Rf6 23. f4 Bg4 24. Qe3 a6 25. Rf2 Raf8 26. Raf1 Qh5 27. Bc3 R6f7 28. b4 Kh7 29. Ba1 Be6 30. c4 Qg4 31. f5 Bc8 32. c5 dxc5 33. Qxc5 Rd8 34. Rf3 Rfd7 35. Qc4 Rxd3 0-1


[Site "https://www.chess.com"]

[Event "Titled Tuesday Blitz November 14 Late 2023"]
[White "Naroditsky, Daniel"]
[Black "Beerdsen, Thomas"]
[WhiteFideId "2026961"]
[BlackFideId "1030108"]
[WhiteElo "3103"]
[BlackElo "2863"]
[Result "1/2-1/2"]
[Round "8"]
[TimeControl "180+1"]
[Date "2023.11.14"]
[WhiteClock "0:00:04"]
[BlackClock "0:00:06"]
[Board "8"]

1. e4 e5 2. Nf3 Nc6 3. Nc3 Nf6 4. g3 d5 5. exd5 Nxd5 6. Bg2 Nxc3 7. bxc3 Bd6 8. O-O O-O 9. Re1 Qf6 10. d3 h6 11. Rb1 Rd8 12. Nd2 Qg6 13. Nc4 Bg4 14. Qd2 Rab8 15. Qe3 a6 16. h3 Be6 17. Nxd6 cxd6 18. c4 d5 19. cxd5 Bxd5 20. Bxd5 Rxd5 21. Bb2 Re8 22. Re2 Qh5 23. Kh2 Re6 24. Rbe1 Ne7 25. Qe4 Rb5 26. c4 Rbb6 27. Ba3 f5 28. Qg2 Ng6 29. Qd5 Kh7 30. Bb2 Rbd6 31. Qxb7 Rxd3 32. Bxe5 Re7 33. Qb2 f4 34. Qc2 Qf3 35. Bxf4 Nxf4 36. gxf4 Qxh3+ 37. Kg1 Qg4+ 38. Kf1 Qh3+ 39. Kg1 Rd7 40. Re3 Qf5 41. Rxd3 Rxd3 42. Re3 Qg4+ 43. Kf1 Qd1+ 44. Qxd1 Rxd1+ 45. Re1 Rd4 46. Rc1 Rxf4 47. c5 Rf8 48. c6 Rc8 49. c7 Kg6 50. Rc6+ Kf5 51. Kg2 Ke4 52. Kg3 Kd5 53. Rxa6 Rxc7 54. a4 Ke5 55. Ra8 Kf5 56. a5 Rc3+ 57. Kg2 Ra3 58. a6 g5 59. a7 Kg4 60. f3+ Kh5 61. Kf2 Ra1 62. Ke3 Kh4 63. Kf2 h5 64. Kg2 Ra2+ 65. Kf1 Kh3 66. Rh8 Rxa7 67. Rxh5+ Kg3 68. Rxg5+ Kxf3 69. Rf5+ Ke4 70. Rb5 Ke3 1/2-1/2


[Site "https://www.chess.com"]

[Event "Titled Tuesday Blitz November 14 Late 2023"]
[White "Paravyan, David"]
[Black "Kamsky, Gata"]
[WhiteFideId "4194985"]
[BlackFideId "2000024"]
[WhiteElo "3019"]
[BlackElo "2921"]
[Result "0-1"]
[Round "8"]
[TimeControl "180+1"]
[Date "2023.11.14"]
[WhiteClock "0:00:00"]
[BlackClock "0:00:29"]
[Board "9"]

1. e4 c5 2. Nf3 e6 3. d4 cxd4 4. Nxd4 a6 5. a3 Nc6 6. Nc3 Qc7 7. Be3 b5 8. Nxc6 Qxc6 9. Qd4 Qd6 10. O-O-O Qxd4 11. Bxd4 Bb7 12. f3 Ne7 13. Bc5 Rc8 14. b4 d5 15. Kb2 dxe4 16. Nxe4 Nf5 17. Bxf8 Rxf8 18. Nc5 Rc7 19. Bd3 g6 20. Rhe1 Ke7 21. Ra1 Rb8 22. a4 bxa4 23. Kc1 a5 24. Nxb7 axb4 25. Na5 a3 26. Kd2 Nd4 27. Re4 b3 28. Nxb3 Nxb3+ 29. cxb3 Rxb3 30. Rd4 Rb2+ 31. Ke3 Rc3 32. f4 Rxg2 33. h4 Rh2 34. Ke4 f5+ 0-1


[Site "https://www.chess.com"]

[Event "Titled Tuesday Blitz November 14 Late 2023"]
[White "Bazeev, German"]
[Black "Alekseenko, Kirill"]
[WhiteFideId "24119350"]
[BlackFideId "4135539"]
[WhiteElo "2825"]
[BlackElo "2962"]
[Result "1-0"]
[Round "8"]
[TimeControl "180+1"]
[Date "2023.11.14"]
[WhiteClock "0:00:05"]
[BlackClock "0:00:03"]
[Board "10"]

1. c4 e5 2. Nc3 d6 3. Nf3 f5 4. d4 e4 5. Ng5 Be7 6. h4 Nf6 7. Nh3 O-O 8. Nf4 c5 9. d5 Na6 10. e3 Ng4 11. h5 Nc7 12. Be2 Ne5 13. b3 Bf6 14. Bb2 Bd7 15. Qd2 a6 16. a4 b6 17. f3 exf3 18. gxf3 Rb8 19. Rg1 Re8 20. Kd1 Qe7 21. h6 g6 22. Nh5 Bh8 23. Ng7 Bxg7 24. hxg7 b5 25. axb5 axb5 26. Ra7 Qd8 27. e4 bxc4 28. Rh1 Nf7 29. Bxc4 Ra8 30. Qh2 h6 31. Rxa8 Nxa8 32. Qg3 g5 33. f4 fxe4 34. fxg5 Ne5 35. gxh6 Bg4+ 36. Qxg4 Nxg4 37. Nxe4 Kh7 38. Bd3 Ne3+ 39. Kc1 Nf5 40. Kb1 Nc7 41. Ng3 Re1+ 42. Rxe1 Kxh6 43. Nxf5+ Kh5 44. Rh1+ Kg4 45. Rg1+ Kf3 46. g8=Q 1-0


[Site "https://www.chess.com"]